 Dungeon Crawl Stone Soup version 0.19.1 (webtiles) character file.

4431 Nakatomy the Fighter (level 10, -3/94 HPs)
             Began as a Hill Orc Monk on Dec 22, 2016.
             Was a Believer of Beogh.
             Slain by a killer bee (7 damage)
             ... on level 8 of the Dungeon on Dec 23, 2016.
             The game lasted 00:36:50 (10131 turns).

Nakatomy the Fighter (Hill Orc Monk)               Turns: 10131, Time: 00:36:50

Health: -3/94      AC: 12    Str: 17    XL:     10   Next: 36%
Magic:  17/17      EV:  8    Int: 15    God:    Beogh [**....]
Gold:   476        SH:  0    Dex: 14    Spells: 0 memorised, 9 levels left

rFire  . . .     SeeInvis .     E - +2 mace of the First Realms {crush, *Drain Int+5 Stlth+}
rCold  + . .     Gourm    .     B - +2 chain mail {rC+}
rNeg   . . .     Faith    .     (no shield)
rPois  +         Spirit   .     (no helmet)
rElec  .         Reflect  .     (no cloak)
rCorr  .         Harm     +     D - +0 pair of gloves
MR     +....                    (no boots)
Stlth  ..........               p - amulet of harm
                                L - ring of poison resistance
                                I - ring of protection from magic

@: lethally poisoned (-3 -> -3)
A: no striking features
a: Smiting, Renounce Religion


You were on level 8 of the Dungeon.
You worshipped Beogh.
Beogh was pleased with you.
You were not hungry.

You visited 1 branch of the dungeon, and saw 9 of its levels.

You collected 476 gold pieces.

Inventory:

Hand Weapons
 a - a +0 mace
 v - a +0 flail of crushing
 E - the +2 mace of the First Realms (weapon) {crush, *Drain Int+5 Stlth+}
   (You found it on level 6 of the Dungeon)

   It inflicts extra damage upon your enemies.
   It affects your intelligence (+5).
   It causes draining when unequipped.
   It makes you more stealthy.
Armour
 b - a +0 robe
 i - a +0 ring mail
 B - a +2 chain mail of cold resistance (worn)
 D - a +0 pair of gloves (worn)
 M - a +0 plate armour
Jewellery
 p - an amulet of harm (around neck)
 q - an uncursed ring of protection from cold
 C - an uncursed ring of stealth
 I - a ring of protection from magic (left hand)
 L - a ring of poison resistance (right hand)
Wands
 k - a wand of enslavement (6/24)
 u - a wand of iceblast (4/15)
 H - a wand of heal wounds (5/9)
Scrolls
 n - 3 scrolls of fog
 o - a scroll of immolation
 r - a scroll of fear
 s - a scroll of remove curse
 x - 3 scrolls of teleportation {unknown}
 y - a scroll of magic mapping {unknown}
 F - a scroll of acquirement {unknown}
 J - a scroll of amnesia
 O - a scroll of blinking {unknown}
Potions
 d - 2 potions of might {unknown}
 e - a potion of magic
 f - 4 potions of curing
 g - a potion of lignification
 h - a potion of mutation {unknown}
 j - 3 potions of heal wounds
 l - 4 potions of flight
 m - a potion of haste {unknown}
 t - a potion of ambrosia
 z - 2 potions of invisibility
 A - a potion of brilliance
 G - a potion of cure mutation {unknown}
Books
 w - a book of Frost

   Spells                             Type                      Level
   a - Freeze                         Ice                          1
   b - Throw Frost                    Conjuration/Ice              2
   c - Ozocubu's Armour               Charms/Ice                   3
   d - Throw Icicle                   Conjuration/Ice              4
   e - Summon Ice Beast               Ice/Summoning                4
 K - a book of Changes

   Spells                             Type                      Level
   a - Beastly Appendage              Transmutation                1
   b - Sticks to Snakes               Transmutation                2
   c - Spider Form                    Transmutation/Poison         3
   d - Ice Form                       Ice/Transmutation            4
   e - Blade Hands                    Transmutation                5
Comestibles
 c - 7 bread rations
 N - a meat ration
 P - 2 beef jerkies
 Q - 8 chunks of flesh


   Skills:
 + Level 10.3 Fighting
 + Level 9.5 Maces & Flails
 + Level 4.8 Armour
 - Level 3.1 Dodging
 - Level 1.5 Stealth
 + Level 9.9 Invocations


You had 9 spell levels left.
You didn't know any spells.

Dungeon Overview and Level Annotations

Branches:
Dungeon (9/15)             Temple (0/1) D:7
   Lair: D:8-11         Orc: D:9-12

Altars:
Dithmenos
Elyvilon
Makhleb
Nemelex Xobeh
Okawaru
Sif Muna
Trog
Uskayaw
Xom
Zin
The Shining One

Shops:
D:5 *

Annotations:
D:5 exclusion: downstairs
D:6 exclusion: downstairs


Message History

You miss the killer bee.
You feel sick.
The killer bee stings you but does no damage.
The killer bee barely misses you.
The killer bee stings you but does no damage.
The killer bee stings you!
* * * LOW HITPOINT WARNING * * *
The killer bee stings you.
* * * LOW HITPOINT WARNING * * *
The killer bee stings you but does no damage.
The killer bee stings you but does no damage.
You miss the killer bee.
The killer bee stings you but does no damage.
The killer bee stings you!
* * * LOW HITPOINT WARNING * * *
You hit the killer bee.
The killer bee is lightly wounded.
You feel sick. The killer bee stings you.
* * * LOW HITPOINT WARNING * * *
The killer bee stings you.
You die...

####### ##### #.)...# #....
#.....# #.... #.....# #....
#.....# #.... #.....# #....
#.....# #....
######@..>.########....
######..#.y###..............
#........>...#..#...........
#............'..#...........
#............#..#...........
#.########+######...........
###...............##'##.....
#...............#...#.....
#...............#...#.....


You could see a killer bee.

Vanquished Creatures
  2 hill giants
  A hippogriff (D:7)
  A hungry ghost (D:7)
  Edmund (D:4)
  Menkaure (D:4)
  Duvessa (D:7)
  The ghost of Faustar the Slasher, an amateur VSFi (D:4)
  A phantom (D:6)
  A sky beast (D:6)
  2 ice beasts
  3 black bears
  An orc warrior (D:7)
  An ogre (D:6)
  A necrophage (D:8)
  A bullfrog (D:8)
  Dowan (D:7)
  A scorpion (D:9)
  5 killer bees
  7 howler monkeys
  3 crimson imps
  A bullfrog zombie (D:6)
  4 jellies
  A centaur zombie (D:5)
  5 hounds
  A bullfrog skeleton (D:6)
  2 orc priests
  9 orc wizards
  3 worker ants
  2 hound zombies (D:8)
  A hound skeleton (D:5)
  3 gnolls (D:7)
  13 adders
  4 shadow imps
  3 oozes
  A worm (D:3)
  5 dart slugs
  4 leopard geckos
  31 orcs
  A giant cockroach (D:2)
  8 goblins
  5 hobgoblins
  8 jackals
  2 quokkas
  3 ball pythons
  9 bats
  3 frilled lizards
  6 kobolds
  A leopard gecko skeleton (D:6)
  A quokka skeleton (D:5)
  3 rats
179 creatures vanquished.

Vanquished Creatures (others)
  A dart slug (D:3)
  3 ball pythons (D:3)
  A goblin (D:3)
5 creatures vanquished.

Grand Total: 184 creatures vanquished

Notes
Turn   | Place    | Note
-------+----------+-------------------------------------------
     0 | D:1      | Nakatomy the Hill Orc Monk began the quest for the Orb.
     0 | D:1      | Reached XP level 1. HP: 19/19 MP: 1/1
   105 | D:1      | Reached XP level 2. HP: 27/27 MP: 2/2
   113 | D:1      | Reached skill level 4 in Fighting
   651 | D:2      | Reached XP level 3. HP: 33/33 MP: 3/3
   661 | D:2      | Found a glowing silver altar of Zin.
   817 | D:2      | Found a shimmering altar of Xom.
  1086 | D:2      | Reached XP level 4. HP: 34/41 MP: 4/4
  1612 | D:2      | Found a glowing golden altar of the Shining One.
  1674 | D:3      | Became a worshipper of Beogh the Brigand
  1674 | D:3      | Reached * piety under Beogh
  1674 | D:3      | Reached ** piety under Beogh
  2112 | D:3      | Reached skill level 5 in Fighting
  2221 | D:3      | Reached XP level 5. HP: 48/48 MP: 5/5
  2355 | D:3      | Found a shadowy altar of Dithmenos.
  2417 | D:3      | Reached skill level 1 in Invocations
  3324 | D:3      | Found a burning altar of Makhleb.
  3457 | D:4      | Reached skill level 5 in Maces & Flails
  3457 | D:4      | Reached XP level 6. HP: 42/56 MP: 7/7
  3588 | D:4      | Noticed Edmund
  3605 | D:4      | Killed Edmund
  3929 | D:5      | Entered Level 5 of the Dungeon
  3929 | D:5      | Found Fiynt's Assorted Antiques.
  4030 | D:4      | Reached skill level 6 in Fighting
  4079 | D:4      | Noticed Faustar's ghost (amateur VSFi)
  4091 | D:4      | Killed Faustar's ghost
  4091 | D:4      | Reached XP level 7. HP: 64/64 MP: 5/10
  4196 | D:4      | Noticed Menkaure
  4199 | D:4      | Killed Menkaure
  4309 | D:4      | Reached skill level 5 in Invocations
  4398 | D:4      | Reached skill level 7 in Fighting
  4800 | D:5      | Found a sparkling altar of Nemelex Xobeh.
  4837 | D:5      | Reached XP level 8. HP: 73/73 MP: 10/12
  4862 | D:5      | Found a bloodstained altar of Trog.
  5925 | D:6      | Got a brightly glowing mace
  5926 | D:6      | Identified the +2 mace of the First Realms {crush, *Drain Int+5 Stlth+} (You found it on level 6 of the Dungeon)
  6683 | D:6      | Reached skill level 8 in Fighting
  6872 | D:6      | Found a hide-covered altar of Uskayaw.
  6872 | D:6      | Found a deep blue altar of Sif Muna.
  7629 | D:7      | Reached XP level 9. HP: 52/82 MP: 14/14
  7795 | D:7      | Reached skill level 1 in Armour
  7800 | D:7      | Noticed Dowan
  7810 | D:7      | Noticed Duvessa
  7812 | D:7      | Reached skill level 9 in Fighting
  8610 | D:7      | Killed Duvessa
  8638 | D:7      | Killed Dowan
  8722 | D:7      | Found a staircase to the Ecumenical Temple.
  8937 | D:7      | Found an iron altar of Okawaru.
  8979 | D:7      | Noticed a hill giant
  8982 | D:7      | Killed a hill giant
  9046 | D:7      | Found a white marble altar of Elyvilon.
  9301 | D:8      | Found a sparkling altar of Nemelex Xobeh.
  9326 | D:8      | Reached XP level 10. HP: 93/93 MP: 16/16
  9397 | D:8      | Reached skill level 10 in Fighting
 10037 | D:9      | Noticed a hill giant
 10049 | D:9      | Killed a hill giant
 10131 | D:8      | HP: 4/94 [killer bee (3)]
 10131 | D:8      | Slain by a killer bee

Skill      XL: |  1  2  3  4  5  6  7  8  9 10 |
---------------+-------------------------------+-----
Fighting       | 4 5 6 7 8 9 10 | 10.3
Maces & Flails | 4 5 6 7 9 |  9.5
Dodging        | 3 |  3.1
Invocations    | 2 4 5 7 9 |  9.9
Armour         | 4 |  4.8
Stealth        | |  1.5

Action                   |  1- 3 |  4- 6 |  7- 9 | 10-12 || total
-------------------------+-------+-------+-------+-------++-------
Melee: Mace              |   100 |   268 |   254 |    77 ||   699
       Flail             |       |    16 |   104 |       ||   120
Invok: Convert to Beogh  |       |     1 |       |       ||     1
       Smiting           |       |     5 |     9 |     3 ||    17
  Use: Scroll            |       |       |    16 |       ||    16
 Stab: Sleeping          |     1 |     1 |     1 |       ||     3
  Eat: Chunk             |     1 |     8 |     5 |     3 ||    17
       Pizza             |       |       |     1 |       ||     1
       Beef jerky        |       |       |     1 |       ||     1
       Meat ration       |       |       |     1 |       ||     1
       Royal jelly       |       |       |     1 |       ||     1
       Bread ration      |       |       |     2 |       ||     2
Armor: Robe              |    13 |       |       |       ||    13
       Ring mail         |    23 |    99 |     6 |       ||   128
       Chain mail        |       |       |   218 |    63 ||   281
Dodge: Dodged            |    79 |   189 |   122 |    44 ||   434
